Map: El Dorado

Players

Kammer

  • Race: Terran Terran
  • Spawn Location: 5:00

VOD

Have the link to the VOD?

Description

Time

  • Played on: Feb. 9, 2025, 8:14 p.m.
  • Length: 20:13
Show
View Real Time Build Order
Export as new Build Order

Kammer Terran 

Build Orders:  

Get SALT Encoding   

  12  0:02  SCV  
  13  0:25  SCV  
  13  0:26  Supply Depot  
  14  0:42  SCV  
  15  1:01  Barracks  
  15  1:05  Refinery  
  15  1:07  SCV  
  16  1:20  Supply Depot  
  16  1:24  SCV  
  17  1:59  SCV  
  18  2:07  Marine  
  19  2:16  SCV  
  20  2:21  Engineering Bay  
  20  2:44  Marine  
  20  2:47  Factory  
  21  3:09  Marine  
  22  3:19  Command Center  
  22  3:28  SCV  
  23  3:38  Marine  
  24  3:45  SCV  
  25  3:54  Hellion  
  27  4:02  SCV  
  27  4:03  Marine  
  29  4:16  Supply Depot  
  29  4:24  Hellion  
  31  4:46  SCV  
  33  4:51  Reaper  
  32  5:03  SCV  
  33  5:13  Hellion  
  35  5:35  SCV  
  35  5:36  Starport, Reaper  
  37  5:43  Hellion  
  37  5:48  Barracks  
  39  5:52  SCV, Supply Depot  
  40  6:09  SCV  
  41  6:12  Hellion  
  43  6:25  Reaper  
  43  6:26  SCV  
  45  6:30  Supply Depot  
  45  6:35  SCV  
  46  6:42  Hellion  
  46  6:43  SCV  
  46  6:47  Refinery  
  49  6:52  SCV  
  49  6:58  Viking  
  43  7:00  SCV  
  52  7:05  Marine  
  52  7:07  Marine  
  55  7:16  SCV  
  56  7:30  Marine  
  56  7:32  Marine  
  56  7:33  SCV  
  56  7:36  Hellion  
  61  7:40  Viking  
  61  7:48  SCV  
  64  7:50  SCV  
  64  7:55  Marine  
  64  7:57  Marine  
  67  8:02  Supply Depot  
  67  8:05  SCV  
  62  8:20  Marine  
  62  8:22  Marine, Viking  
  62  8:23  Hellion  
  62  8:29  SCV  
  69  8:34  SCV  
  70  8:45  Marine  
  70  8:46  SCV  
  70  8:47  Marine  
  73  8:51  SCV  
  73  8:59  Supply Depot  
  74  9:03  SCV, Viking  
  77  9:10  Marine  
  78  9:29  SCV, Marine, Hellion  
  82  9:32  Supply Depot  
  82  9:34  Marine  
  83  9:45  Viking  
  85  9:50  SCV  
  86  10:02  SCV, Marine, Hellion  
  86  10:07  SCV, Supply Depot  
  88  10:27  Marine, Viking  
  85  10:55  Marine  
  85  10:56  Marine  
  84  11:00  Hellion  
  84  11:09  Viking  
  75  11:20  Marine  
  75  11:21  Marine  
  66  11:30  Hellion  
  62  11:45  Marine  
  61  11:51  Viking  
  61  11:52  Marine  
  64  12:00  Hellion  
  64  12:03  Barracks  
  64  12:06  SCV  
  67  12:10  SCV, Marine  
  67  12:11  Supply Depot  
  67  12:17  Marine  
  70  12:23  SCV  
  70  12:27  SCV  
  72  12:30  Hellion  
  72  12:33  Viking  
  72  12:35  Marine  
  77  12:40  SCV  
  77  12:42  Marine  
  79  12:57  SCV  
  80  13:00  Marine, Hellion  
  80  13:02  SCV  
  80  13:07  Marine  
  85  13:14  SCV  
  85  13:15  Viking  
  85  13:18  Supply Depot  
  85  13:19  SCV  
  89  13:21  Supply Depot  
  89  13:22  Marine  
  89  13:25  Marine  
  91  13:30  Hellion  
  91  13:31  SCV  
  91  13:36  SCV  
  91  13:37  Reaper  
  96  13:47  Marine  
  96  13:48  SCV  
  96  13:49  Marine  
  98  13:53  SCV  
  98  13:55  Supply Depot  
  98  13:57  Viking  
  102  14:00  Hellion  
  102  14:05  SCV  
  105  14:10  SCV  
  105  14:12  Marine  
  105  14:19  Reaper  
  103  14:22  SCV, Reaper  
  104  14:30  Hellion  
  104  14:37  Marine  
  104  14:39  SCV, Viking  
  110  14:48  Supply Depot  
  104  14:59  Marine, Hellion  
  98  15:02  Marine  
  98  15:07  Reaper  
  91  15:21  Viking, Supply Depot  
  91  15:24  Marine  
  91  15:26  Terran Infantry Weapons Level 1  
  91  15:27  Marine  
  91  15:29  Hellion  
  97  15:47  Marine  
  97  15:49  SCV, Marine  
  100  15:52  Marine  
  100  15:54  SCV  
  100  15:59  Hellion  
  104  16:03  Viking  
  104  16:06  SCV  
  107  16:10  SCV  
  107  16:11  Barracks  
  107  16:12  Marine  
  107  16:14  Marine  
  107  16:17  Marine  
  108  16:29  Hellion  
  89  16:37  Marine  
  89  16:39  Marine  
  88  16:42  Marine  
  88  16:45  Viking  
  91  16:59  Hellion  
  93  17:02  Marine  
  93  17:04  Marine  
  93  17:07  Marine  
  96  17:18  SCV  
  97  17:21  SCV  
  97  17:27  Viking  
  97  17:29  Marine, Hellion  
  104  17:31  Reaper  
  104  17:32  Marine  
  104  17:35  Refinery, SCV  
  104  17:38  SCV  
  107  17:49  Widow Mine  
  108  17:53  Reaper  
  108  17:54  Marine  
  108  17:57  Marine  
  112  18:09  Viking  
  112  18:16  Reaper  
  112  18:19  Widow Mine, Marine  
  92  18:22  Marine  
  92  18:38  Reaper  
  91  18:51  Medivac  
  96  19:01  Factory Tech Lab, Reaper  
  94  19:19  SCV  
  96  19:23  Reaper  
  96  19:36  SCV  
Tags
 
Matchup
Co-op
Add a new tag
Caveats
  • Supply blocks, unpowered buildings, or Contaminate may cause inaccurate times.
  • Supply counts are checked every 10 seconds.